 Dungeon Sprint DCSS version 0.30.1-11-g7821555f0a (webtiles) character file.

Game seed: 12834746689195212755

109 Groucho the Sneak (level 4, 0/24 HPs)
             Began as a Gargoyle Enchanter on Nov 9, 2023.
             Slain by Sigmund
             ... wielding a +0 scythe
              (7 damage)
             ... in the Dungeon (Sprint I: "Red Sonja").
             The game lasted 00:00:40 (47 turns).

Groucho the Sneak (Gargoyle Enchanter)                Turns: 47, Time: 00:00:41

Health: 0/24       AC:  5    Str: 11    XL:     4   Next: 89%
Magic:  6/10       EV: 12    Int: 16    God:
Gold:   0          SH:  0    Dex: 12    Spells: 11/11 levels left

rFire   . . .        a - +1 dagger
rCold   . . .        (no shield)
rNeg    + . .        b - +0 robe
rPois   ∞            (no helmet)
rElec   +            (no cloak)
rCorr   .            (no gloves)
SInv    .            (no boots)
Will    .....        (no amulet)
Stlth   +            (no ring)
HPRegen 0.24/turn    (no ring)
MPRegen 0.12/turn

%: no teleportation
@: confused, on berserk cooldown, hasted and slowed
A: sickness immunity, AC +3, negative energy resistance 1, electricity
resistance, torment resistance 1, petrification resistance
a: no special abilities


You were in the Dungeon.
You visited 1 branch

Inventory:

Hand Weapons
 a - a +1 dagger (weapon)
Armour
 b - a +0 robe (worn)
Scrolls
 i - a scroll of blinking
Potions
 c - a potion of invisibility
 d - a potion of curing
 g - 2 potions of magic


   Skills:
 + Level 3.6 Short Blades
 - Level 1.5 Dodging
 * Level 7.7 Stealth
 + Level 4.1 Spellcasting
 + Level 4.6 Hexes


You had 11 spell levels left.
You didn't know any spells.
Your spell library contained the following spells:

 Spells                   Type           Power      Damage    Failure   Level
 Confusing Touch          Hex            18%        N/A       8%          3
 Tukima's Dance           Hex            18%        N/A       8%          3
 Ensorcelled Hibernation  Hex/Ice        20%        N/A       10%         2
 Dazzling Flash           Conj/Hex       20%        N/A       19%         3


Dungeon Overview and Level Annotations

Branches:
Dungeon (1/1)

Altars:

Annotations:
D Sigmund


Innate Abilities, Weirdness & Mutations

You are immune to sickness and miasma.
Your stone body is resilient. (AC +3)
You are immune to poison.
You resist negative energy. (rN+)
You are resistant to electric shocks. (rElec)
You are resistant to unholy torment.
You are immune to petrification.


Message History

You open the door.
You flicker back into view.
Found 54 gold pieces.
You open the door.
Sigmund the Dreaded comes into view.
He is wielding a +0 scythe.
There is an open door here.
Sigmund shouts!
Sigmund points at you and mumbles some strange words.
You resist with some effort.
You are too injured to fight recklessly!
A red film seems to cover your vision as you go berserk!
You feel yourself moving faster!
You feel mighty!
You are too injured to fight recklessly!
You are too injured to fight recklessly!
You are too injured to fight recklessly!
You hit Sigmund.
Sigmund is lightly wounded.
Sigmund hits you with a +0 scythe!
* * * LOW HITPOINT WARNING * * *
You hit Sigmund.
Sigmund is moderately wounded.
You puncture Sigmund!
Sigmund is severely wounded.
You hit Sigmund.
Sigmund is almost dead.
Sigmund points at you and mumbles some strange words.
You are confused.
You closely miss Sigmund.
Sigmund is almost dead.
Sigmund breathes a few words.
Sigmund's hands start flickering wildly.
Sigmund closely misses you.
You bump into the rock wall.
You bump into the rock wall.
You feel a strong urge to attack something.
You bump into the rock wall.
You are no longer berserk.
You are exhausted.
You feel yourself slow down. Sigmund hits you with a +0 scythe!
You die...

#############
#<.#..)..#.@+
#..'..#.)'@.#
#..#####'####
#..# #$$#
#..# ####
#..# #⌠⌠#
####


You could see Sigmund.

Vanquished Creatures
  An ogre (D)
  Ijyb (D)
2 creatures vanquished.

Notes
Turn   | Place    | Note
-------+----------+-------------------------------------------
     0 | D        | Groucho the Gargoyle Enchanter began the quest for the Orb.
     0 | D        | Reached XP level 1. HP: 10/10 MP: 3/3
     4 | D        | Noticed Ijyb
    25 | D        | Noticed an ogre
    28 | D        | Killed Ijyb
    29 | D        | Reached skill level 5 in Stealth
    29 | D        | Reached XP level 2. HP: 6/15 MP: 4/6
    29 | D        | Reached XP level 3. HP: 7/19 MP: 4/7
    33 | D        | Killed an ogre
    34 | D        | Reached skill level 7 in Stealth
    34 | D        | Reached XP level 4. HP: 10/24 MP: 5/10
    36 | D        | Noticed Sigmund
    47 | D        | Slain by Sigmund

Illustrated notes

Levels and vault maps discovered:
D:        dungeon_sprint_1 [red_sonja_temple_1, red_sonja_temple_small_1]

Skill      XL: |  1  2  3 |
---------------+----------+-----
Short Blades   | 2 3 |  3.6
Stealth        | 5 7 |  7.7
Spellcasting   | 3 4 |  4.1
Hexes          | 3 4 |  4.6
Dodging        | |  1.5

Action                     |  1- 3 |  4- 6 || total
---------------------------+-------+-------++-------
  Melee: Dagger            |    24 |     5 ||    29
    Use: Potion            |     3 |     1 ||     4
   Stab: Invisible         |     3 |       ||     3
         Sleeping          |     2 |       ||     2
 Armour: Robe              |     2 |       ||     2
  Dodge: Dodged            |     7 |     1 ||     8
